 Dungeon Crawl Stone Soup version 0.29-a0-732-g3d7fbe0af2 (webtiles) character file.

Game seed: 5967814415312702274

654 coolguy69 the Cleaver (level 7, -1/85 HPs)
             Began as a Hill Orc Berserker on June 29, 2022.
             Was a Believer of Trog.
             Slain by an iguana (9 damage)
             ... on level 5 of the Dungeon.
             The game lasted 00:05:20 (4381 turns).

coolguy69 the Cleaver (Hill Orc Berserker)          Turns: 4381, Time: 00:05:21

Health: -1/85      AC:  7    Str: 22    XL:     7   Next: 54%
Magic:  7/7        EV: 10    Int:  7    God:    Trog [**....]
Gold:   206        SH:  0    Dex: 16    Spells: 6/6 levels left

rFire   . . .      SeeInvis .   a - +0 hand axe
rCold   . . .      Faith    .   (no shield)
rNeg    . . .      Spirit   .   j - +0 scale mail
rPois   .          Reflect  .   o - +0 helmet
rElec   .          Harm     .   (no cloak)
rCorr   .          Rampage  .   (no gloves)
Will    .....                   (no boots)
Stlth   ..........              (no amulet)
HPRegen 0.24/turn               w - +6 ring of dexterity
MPRegen 0.10/turn               (no ring)

@: berserking, very quick
A: no striking features
a: Renounce Religion, Berserk, Trog's Hand


You were on level 5 of the Dungeon.
You worshipped Trog.
Trog was pleased with you.
You visited 1 branch of the dungeon, and saw 5 of its levels.

You collected 206 gold pieces.

Inventory:

Hand Weapons
 a - a +0 hand axe (weapon)
Armour
 j - a +0 scale mail (worn)
 o - a +0 helmet (worn)
Jewellery
 w - a +6 ring of dexterity (left hand)
Wands
 c - a wand of quicksilver (9)
 k - a wand of polymorph (11)
 u - a wand of flame (15)
Scrolls
 b - a scroll of blinking {unknown}
 d - a scroll of fear {unknown}
 f - 3 scrolls of amnesia {unknown}
 g - a scroll of fog {unknown}
 h - 3 scrolls of enchant weapon
 i - 2 scrolls of magic mapping {unknown}
 l - 2 scrolls of poison {unknown}
 m - a scroll of noise {unknown}
 n - a scroll of vulnerability
 p - 4 scrolls of teleportation
 s - a scroll of enchant armour {unknown}
Potions
 e - a potion of attraction {unknown}
 q - a potion of berserk rage
 r - a potion of degeneration {unknown}
 t - a potion of heal wounds {unknown}
 v - a potion of lignification {unknown}


   Skills:
 - Level 3.6 Fighting
 + Level 11.1 Axes
 - Level 2.1 Armour
 - Level 1.5 Dodging


You had 6 spell levels left.
You didn't know any spells.
Your spell library was empty.

Dungeon Overview and Level Annotations

Branches:
Dungeon (5/15)
 Temple: D:4-7

Altars:
Sif Muna
Uskayaw


Message History

You hit the ogre.
The ogre is lightly wounded.
The iguana hisses menacingly.
The ogre closely misses you.
You slash the ogre!
The ogre is heavily wounded.
You slash the ogre!
The ogre is severely wounded.
You barely miss the ogre. The ogre barely misses you.
The ogre hits you with a +0 giant club!
You barely miss the ogre.
The ogre is severely wounded.
You hit the ogre. You barely miss the wyvern. The wyvern misses you.
You hit the ogre but do no damage.
The ogre is severely wounded.
You hit the ogre. You closely miss the wyvern. The wyvern bites you.
The ogre hits you with a +0 giant club!
* * * LOW HITPOINT WARNING * * *
The ogre misses you.
You are too injured to fight recklessly!
A red film seems to cover your vision as you go berserk!
You feel yourself moving faster!
You feel mighty! The wyvern barely misses you. The wyvern closely misses you.
You slash the ogre!
The ogre is heavily wounded.
You hit the wyvern. You slash the ogre!
You kill the ogre!
Trog accepts your kill. The wyvern bites you.
* * * LOW HITPOINT WARNING * * *
The ogre barely misses you.
Your Axes skill increases to level 11!
You barely miss the ogre.
The ogre is heavily wounded.
You hit the iguana. You closely miss the wyvern. The wyvern barely misses you.
You slash the ogre!
You kill the ogre!
Trog accepts your kill.
You barely miss the wyvern. You closely miss the iguana. The iguana bites you!
You die...

... ...[. .. ... ..... .
##.# ####$.... ..... ...
..>...... #..#.##.#
#........ #
#..#.##.#####........
#.##....................
#.......#...####.l......
#.##..#.#...# #@)......
#.##..#.#...# ##l......
.........#.#### .......
#.##.[.......... ...##.#
#.##.##.##.##### ...# #
............... ....
............... ..###
...........#### ..#
...........#


You could see a wyvern and an iguana.

Vanquished Creatures
  The ghost of Newt the Shooter, an amateur BaAM (D:4)
  A black bear (D:5)
  2 ogres (D:5)
  A scorpion (D:4)
  A wyvern skeleton (D:4)
  A bullfrog skeleton (D:4)
  Terence (D:3)
  An iguana (D:4)
  7 adders
  A white imp (D:4)
  3 worms
  4 dart slugs
  8 orcs
  9 endoplasms
  5 giant cockroaches
  4 goblins
  7 hobgoblins
  6 jackals (D:4)
  3 kobolds
  2 quokkas
  3 ball pythons
  4 bats
  A frilled lizard (D:1)
  3 rats
79 creatures vanquished.

Vanquished Creatures (others)
  4 plants (D:5)
4 creatures vanquished.

Grand Total: 83 creatures vanquished

Notes
Turn   | Place    | Note
-------+----------+-------------------------------------------
     0 | D:1      | coolguy69 the Hill Orc Berserker began the quest for the
                  | Orb.
     0 | D:1      | Reached XP level 1. HP: 19/19 MP: 1/1
    38 | D:1      | Found a faded altar of an unknown god.
   537 | D:1      | You fall into a shaft and drop 1 floor!
   575 | D:2      | Reached skill level 5 in Axes
   575 | D:2      | Reached XP level 2. HP: 24/26 MP: 2/2
   758 | D:2      | Reached XP level 3. HP: 31/31 MP: 3/3
   921 | D:2      | Reached ** piety under Trog
   922 | D:2      | Reached skill level 6 in Axes
  1254 | D:2      | Reached XP level 4. HP: 33/39 MP: 4/4
  2168 | D:3      | Found a hide-covered altar of Uskayaw.
  2385 | D:3      | Reached skill level 7 in Axes
  2619 | D:3      | Noticed Terence
  2647 | D:3      | Killed Terence
  2648 | D:3      | Reached XP level 5. HP: 21/45 MP: 5/5
  3354 | D:4      | Reached skill level 8 in Axes
  3655 | D:4      | Reached XP level 6. HP: 40/51 MP: 6/6
  3879 | D:4      | Reached skill level 9 in Axes
  4081 | D:4      | Found a shimmering blue altar of Sif Muna.
  4142 | D:4      | Found a runed translucent gate.
  4143 | D:4      | Found a runed translucent gate.
  4143 | D:4      | Found a runed translucent gate.
  4148 | D:4      | Noticed Newt's ghost (amateur BaAM)
  4178 | D:5      | Entered Level 5 of the Dungeon
  4178 | D:5      | Noticed a black bear
  4188 | D:5      | Killed a black bear
  4275 | D:4      | Killed Newt's ghost
  4276 | D:4      | Reached skill level 10 in Axes
  4276 | D:4      | Reached XP level 7. HP: 57/57 MP: 7/7
  4370 | D:5      | Noticed a wyvern
  4380 | D:5      | Reached skill level 11 in Axes
  4381 | D:5      | Slain by an iguana

Illustrated notes

Levels and vault maps discovered:
D:1:      tarquinn_simple_flora_water_b, layout_rooms, basic_ecumenical_altar,
          solitary_fountain
D:2:      layout_basic, minivault_4, minmay_hexomino_p4
D:3:      layout_basic, lemuel_tele_altar, uniq_terence
D:4:      layout_basic, nicolae_sif_muna_little_library,
          gammafunk_ghost_necromancy
D:5:      layout_basic, lemuel_doored_altar,
          minmay_temple_entry_drinking_statues, chequers_hall_statues_y,
          nicolae_grassy_gnolls, uniq_grinder, uniq_duvessa

Skill      XL: |  1  2  3  4  5  6  7 |
---------------+----------------------+-----
Axes           | 5 6 7 8 10 11 | 11.1
Fighting       | |  3.6
Armour         | |  2.1
Dodging        | |  1.5

Action                   |  1- 3 |  4- 6 |  7- 9 || total
-------------------------+-------+-------+-------++-------
Melee: Hand axe          |    84 |   223 |    10 ||   317
       Punch             |       |     2 |       ||     2
Invok: Berserk           |       |     3 |     1 ||     4
  Use: Scroll            |     1 |     4 |       ||     5
Armor: Scale mail        |    36 |    90 |       ||   126
       Animal skin       |     1 |       |       ||     1
Dodge: Dodged            |    39 |   116 |     9 ||   164

Table legend: (Time is in decaauts)
 A = Elapsed time spent in this place.
 B = Non-inter-level travel time spent in this place.
 C = Inter-level travel time spent in this place.
 D = Time resting spent in this place.
 E = Time spent auto-exploring this place.
 F = Levels seen in this place.
 G = Mean time per level.
                   A        B        C        D        E       F      G
               +--------+--------+--------+--------+--------+-----+--------+
         Total |   4395 |   4211 |    184 |    820 |   2743 |   5 |  879.0 |
       Dungeon |   4395 |   4211 |    184 |    820 |   2743 |   5 |  879.0 |
               +--------+--------+--------+--------+--------+-----+--------+

Top non-repeatable levels by time:
     D:4: 1484 daAuts
     D:3: 1002 daAuts
     D:2: 930 daAuts
     D:1: 928 daAuts
     D:5: 49 daAuts
